 Dungeon Crawl Stone Soup version 0.28-a0-1190-g77e1c55843 (webtiles) character file.

Game seed: 17906882158277252362

0 Gargoyl the Skirmisher (level 1, -7/23 HPs)
             Began as a Gnoll Abyssal Knight on Dec 18, 2021.
             Was a Follower of Lugonu.
             Mangled by a freezing wraith (15 damage)
             ... on level 1 of the Abyss.
             The game lasted 00:00:18 (88 turns).

Gargoyl the Skirmisher (Gnoll Abyssal Knight)         Turns: 88, Time: 00:00:19

Health: -7/23      AC:  3    Str: 12    XL:     1   Next: 0%
Magic:  3/3        EV: 12    Int:  9    God:    Lugonu [*.....]
Gold:   0          SH:  0    Dex: 12    Spells: 0/0 levels left

rFire   . . .      SeeInvis .   a - +1 hand axe
rCold   . . .      Faith    .   (no shield)
rNeg    . . .      Spirit   .   b - +0 leather armour
rPois   .          Reflect  .   (no helmet)
rElec   .          Harm     .   (no cloak)
rCorr   .          Rampage  .   (no gloves)
Will    .....                   (no boots)
Stlth   +.........              (no amulet)
HPRegen 0.07/turn               (no ring)
MPRegen 0.08/turn               (no ring)

@: no status effects
A: fangs 1, strong nose, distributed training
a: Renounce Religion, Depart the Abyss


You were on level 1 of the Abyss.
You worshipped Lugonu.
Lugonu was aware of your devotion.
You visited 0 branches of the dungeon, and saw 0 of its levels.
You visited the Abyss 1 time.

Inventory:

Hand Weapons
 a - a +1 hand axe (weapon)
Armour
 b - a +0 leather armour (worn)
Scrolls
 c - a scroll of noise {unknown}


   Skills:
 + Level 6.4 Fighting
 + Level 0.0 Short Blades
 + Level 0.0 Long Blades
 + Level 4.4 Axes
 + Level 0.0 Maces & Flails
 + Level 0.0 Polearms
 + Level 0.0 Staves
 + Level 0.0 Slings
 + Level 0.0 Bows
 + Level 0.0 Crossbows
 + Level 0.0 Throwing
 + Level 4.4 Armour
 + Level 2.3 Dodging
 + Level 0.0 Stealth
 + Level 0.0 Shields
 + Level 0.0 Unarmed Combat
 + Level 0.0 Spellcasting
 + Level 0.0 Conjurations
 + Level 0.0 Hexes
 + Level 0.0 Summonings
 + Level 0.0 Necromancy
 + Level 0.0 Translocations
 + Level 0.0 Transmutations
 + Level 0.0 Fire Magic
 + Level 0.0 Ice Magic
 + Level 0.0 Air Magic
 + Level 0.0 Earth Magic
 + Level 0.0 Poison Magic
 + Level 4.4 Invocations
 + Level 0.0 Evocations


You couldn't memorise any spells.
You didn't know any spells.
Your spell library was empty.

Dungeon Overview and Level Annotations

Branches:
Dungeon (0/15)

Altars:


Innate Abilities, Weirdness & Mutations

You have very sharp teeth.
Your uncanny sense of smell can sniff out nearby items.
Your experience applies equally to all skills.


Message History

A freezing wraith is cast out of reality.
The white imp shouts, "Scamper away, thou foppish motley-minded tiler!"
You hear a horrible gurgling sound!
As you read the scroll labelled ONOMERENTO, it crumbles to dust.
It is a scroll of identify.
You don't have any unidentified items.
The white imp gestures at you. The puff of frost hits you.
A chaos spawn comes into view.
The white imp gestures at you. The puff of frost hits you!
Ouch! That really hurt!
* * * LOW HITPOINT WARNING * * *
A tentacled starspawn comes into view.
The white imp grinds its teeth.
Found a gateway leading out of the Abyss.
A tentacle flies out from the starspawn's body!
A starspawn tentacle comes into view.
An ancient zyme comes into view.
You feel yourself growing ill in the presence of the ancient zyme.
Found a fuming brown potion.
Found 5 gold pieces.
You see here a fuming brown potion.
There are no items here.
You see here a fuming brown potion.
c - a fuming brown potion It was a potion of curing.
You feel better. The white imp closely misses you.
Tentacles burst from the starspawn's body! 2 starspawn tentacles come into view.
A wretched star comes into view.
The wretched star moves out of view.
Found a scroll labelled SOFOL HEACRIKE.
A tentacle flies out from the starspawn's body!
A starspawn tentacle comes into view.
Found a robe.
You see here a scroll labelled SOFOL HEACRIKE.
c - a scroll labelled SOFOL HEACRIKE The freezing wraith hits you!
The freezing wraith freezes you!
Ouch! That really hurt!
You die...

..........................
............ .... ...
...........#..##. ##..#
#.........#..## .##..##.
#...... .....X....... .
##.#.#...##..##.##..#.#...
#.......###X.#.#.... ## #.
###.4##..##### ....#...
#...W@.## ..##.##....
#....#.......#.. #..#. ..
#....##...##..#.. .#. . .
.#......#.# ##. . #...##
..#.#..#... .#..#.# .#..
.. .# # ... .# ...


You could see a tentacled starspawn, a freezing wraith and a chaos spawn.

Vanquished Creatures (others)
  6 starspawn tentacles (Abyss:1)
6 creatures vanquished.

Notes
Turn   | Place    | Note
-------+----------+-------------------------------------------
     0 | Abyss:1  | Gargoyl the Gnoll Abyssal Knight began the quest for the
                  | Orb.
     0 | Abyss:1  | Reached XP level 1. HP: 23/23 MP: 3/3
    32 | Abyss:1  | Noticed a freezing wraith
    33 | Abyss:1  | Noticed a chaos spawn
    36 | Abyss:1  | Noticed a tentacled starspawn
    47 | Abyss:1  | Noticed an ancient zyme
    74 | Abyss:1  | Noticed a wretched star
    88 | Abyss:1  | Mangled by a freezing wraith

Illustrated notes

Levels and vault maps discovered:
Abyss:1:  base: Temple, base: Temple, lemuel_flamethrower_3

Action                   || total
-------------------------++-------
  Use: Scroll            ||     1
       Potion            ||     1
Dodge: Dodged            ||     1

Table legend: (Time is in decaauts)
 A = Elapsed time spent in this place.
 B = Non-inter-level travel time spent in this place.
 C = Inter-level travel time spent in this place.
 D = Time resting spent in this place.
 E = Time spent auto-exploring this place.
 F = Levels seen in this place.
 G = Mean time per level.
                   A        B        C        D        E       F      G
               +--------+--------+--------+--------+--------+-----+--------+
         Total |     88 |     88 |      0 |      0 |     29 |   1 |   88.0 |
         Abyss |     88 |     88 |      0 |      0 |     29 |   1 |   88.0 |
               +--------+--------+--------+--------+--------+-----+--------+

Top non-repeatable levels by time:
 Abyss:1: 88 daAuts
